Map: [ESL] Blackburn

Players

Rogue - Winner!

  • Race: Zerg Zerg

Ryung

  • Race: Terran Terran

Event: IEM Katowice 2022

VOD

Have the link to the VOD?

Description

Time

  • Played on: Feb. 26, 2022, 10:42 a.m.
  • Length: 4:04

All games in this series

Show
View Real Time Build Order
Export as new Build Order

Rogue Zerg - Winner!

Build Orders: Hatch First 

Get SALT Encoding   

  12  0:00  Drone  
  13  0:12  Overlord  
  13  0:17  Drone  
  14  0:30  Drone x2  
  16  0:48  Hatchery  
  15  0:50  Drone  
  15  0:54  Drone  
  17  0:57  Drone  
  18  1:09  Extractor  
  17  1:13  Spawning Pool  
  17  1:16  Drone  
  17  1:19  Drone  
  18  1:29  Drone  
  19  1:43  Drone  
  20  1:49  Drone  
  21  2:00  Queen x2  
  26  2:01  Zergling x4  
  27  2:12  Metabolic Boost  
  27  2:13  Overlord  
  27  2:15  Zergling x2  
  28  2:29  Hatchery  
  27  2:31  Zergling x2  
  27  2:36  Zergling x4  
  30  2:39  Zergling x2  
  30  2:43  Zergling x2  
  32  2:46  Zergling x2  
  33  2:54  Overlord  
  33  2:57  Zergling x2  
  34  3:07  Zergling x4  
  35  3:16  Zergling x2  
  35  3:17  Zergling x10  
  41  3:21  Queen  
  41  3:25  Overlord  
  43  3:36  Overlord  
  43  3:38  Drone  
  43  3:41  Drone  
  45  3:42  Drone  
  45  3:44  Drone  
  45  3:45  Drone x2  
  49  3:48  Drone  
  49  3:52  Drone  
Show
View Real Time Build Order
Export as new Build Order

Ryung Terran 

Build Orders: Command Center First (CC) 

Get SALT Encoding   

  12  0:00  SCV  
  13  0:12  SCV  
  14  0:18  Supply Depot  
  14  0:24  SCV  
  15  0:39  SCV  
  16  0:51  SCV  
  17  0:59  Command Center  
  17  1:03  SCV  
  18  1:13  Barracks  
  18  1:16  SCV  
  19  1:21  Refinery  
  19  1:28  SCV  
  19  1:30  Refinery  
  20  1:40  SCV  
  21  1:52  SCV  
  22  2:04  Reaper, Orbital Command  
  23  2:11  Orbital Command  
  23  2:23  Factory  
  23  2:30  SCV  
  24  2:38  SCV  
  24  2:42  Supply Depot, Barracks Reactor, SCV  
  26  2:50  SCV  
  27  2:54  SCV  
  28  3:02  SCV  
  29  3:07  SCV  
  29  3:11  Starport  
  30  3:14  SCV  
  30  3:16  Command Center  
  30  3:19  SCV, Hellion, Marine x2  
  36  3:26  SCV  
  37  3:31  SCV  
  37  3:33  Supply Depot  
  37  3:38  SCV  
  38  3:43  SCV  
  38  3:46  Barracks Tech Lab  

Tags
 
Add a new tag
Caveats
  • Supply blocks, unpowered buildings, or Contaminate may cause inaccurate times.
  • Supply counts are checked every 10 seconds.